 Dungeon Crawl Stone Soup version 0.28-a0-1235-g7c8fac35f0 (webtiles) character file.

Game seed: 1417148465650281016

9983 Lavandula the Grappler (level 11, -3/63 HPs)
             Began as a Formicid Transmuter on Dec 25, 2021.
             Was an Initiate of Ru.
             Slain by Sonja (5 damage)
             ... on level 11 of the Dungeon.
             The game lasted 00:23:48 (13530 turns).

Lavandula the Grappler (Formicid Transmuter)       Turns: 13530, Time: 00:23:48

Health: -3/63      AC:  4    Str: 23    XL:     11   Next: 84%
Magic:  18/18      EV: 11    Int: 15    God:    Ru [......]
Gold:   172        SH:  0    Dex: 11    Spells: 1/19 levels left

rFire   . . .      SeeInvis +     - Unarmed
rCold   . . .      Faith    .   (no shield)
rNeg    . . .      Spirit   .   z - +0 troll leather armour
rPois   .          Reflect  .   (helmet unavailable)
rElec   .          Harm     .   (no cloak)
rCorr   .          Rampage  .   (no gloves)
Will    +....                   (no boots)
Stlth   +.........              (no amulet)
HPRegen 1.00/turn               q - +6 ring of strength
MPRegen 0.16/turn               (no ring)

@: lethally poisoned (-3 -> -39)
A: permanent stasis, dig shafts and tunnels, antennae 3, four strong arms, frail
1, noise suppression
a: Dig, Shaft Self, Renounce Religion


You were on level 11 of the Dungeon.
You worshipped Ru.
Ru was noncommittal.
You visited 2 branches of the dungeon, and saw 12 of its levels.

You collected 362 gold pieces.
You spent 190 gold pieces at shops.

Inventory:

Hand Weapons
 w - a +1 scimitar of flaming
Missiles
 b - 6 atropa-tipped darts
 e - 8 boomerangs
 p - 56 poisoned darts (quivered)
Armour
 z - a +0 troll leather armour (worn)
Magical Staves
 g - a staff of death
Jewellery
 d - a ring of fire
 q - a +6 ring of strength (left hand)
Wands
 s - a wand of charming (2)
 t - a wand of flame (61)
 y - a wand of acid (6)
 A - a wand of iceblast (8)
 D - a wand of paralysis (6)
Scrolls
 a - a scroll of fear {unknown}
 c - 3 scrolls of amnesia
 h - 3 scrolls of magic mapping {unknown}
 i - 3 scrolls of enchant weapon
 l - 2 scrolls of vulnerability
 r - a scroll of holy word
 u - 4 scrolls of immolation
 v - 3 scrolls of enchant armour
 E - a scroll of fog
Potions
 f - 3 potions of curing
 j - a potion of flight {unknown}
 k - a potion of berserk rage
 m - a potion of ambrosia
 n - 2 potions of degeneration {unknown}
 o - a potion of attraction {unknown}
 x - a potion of lignification
 B - 2 potions of brilliance {unknown}
 C - a potion of mutation


   Skills:
 - Level 1.1 Fighting
 - Level 1.7 Dodging
 - Level 13.0 Unarmed Combat
 + Level 4.9 Spellcasting
 - Level 4.0 Hexes
 - Level 9.0 Transmutations
 - Level 4.0 Ice Magic
 - Level 6.0 Poison Magic
 - Level 5.0 Evocations


You had one spell level left.
You knew the following spells:

 Your Spells              Type           Power      Damage    Failure   Level
a - Beastly Appendage     Tmut           60%        N/A       1%          1
b - Wereblood             Tmut           30%        N/A       1%          2
c - Spider Form           Tmut/Pois      26%        N/A       2%          3
d - Ice Form              Ice/Tmut       23%        N/A       13%         4
e - Alistair's Intoxicat  Tmut/Pois      17%        N/A       24%         5
f - Confusing Touch       Hex            15%        N/A       11%         3

Your spell library contained the following spells:

 Spells                   Type           Power      Damage    Failure   Level
 Slow                     Hex            60%        N/A       3%          1
 Animate Skeleton         Necr           6%         N/A       19%         1
 Pain                     Necr           12%        1d4       19%         1
 Portal Projectile        Hex/Tloc       18%        N/A       26%         3
 Sublimation of Blood     Necr           3%         N/A       28%         2
 Yara's Violent Unravell  Hex/Tmut       11%        3d6       34%         5
 Call Canine Familiar     Summ           3%         N/A       50%         3
 Gell's Gravitas          Tloc           3%         N/A       50%         3
 Lesser Beckoning         Tloc           3%         N/A       50%         3
 Teleport Other           Tloc           3%         N/A       50%         3
 Vampiric Draining        Necr           3%         2d6       50%         3
 Leda's Liquefaction      Hex/Erth       4%         N/A       63%         4
 Eringya's Noxious Bog    Tmut/Pois      13%        N/A       78%         6
 Borgnjor's Vile Clutch   Necr/Erth      1%         N/A       99%         5
 Dispersal                Tloc           1%         N/A       100%        6
 Summon Hydra             Summ           1%         N/A       100%        7


Dungeon Overview and Level Annotations

Branches:
Dungeon (11/15)            Temple (1/1) D:5            Lair (0/6) D:10
    Orc (0/2) D:10

Altars:
Ashenzari
Cheibriados
Dithmenos
Elyvilon
Fedhas
Gozag
Hepliaklqana
Kikubaaqudgha
Makhleb
Nemelex Xobeh
Okawaru
Qazlal
Ru
Sif Muna
Trog
Uskayaw
Vehumet
Wu Jian
Xom
Yredelemnul
Zin
The Shining One

Shops:
D:7 :   D:8 [:![

Portals:
Trove: D:10 (give 2 scrolls of acquirement)

Annotations:
D:6 2 transporters, fly's ghost, novice FoDe
D:11 Sonja


Innate Abilities, Weirdness & Mutations

You cannot be hasted, slowed, berserked, paralysed or teleported.
You can dig through walls and to a lower floor.
You have a pair of large antennae on your head. (SInv)
Your four strong arms can wield two-handed weapons with a shield.
You are frail. (-10% HP)
You passively dampen the noise of your surroundings.


Message History

You barely miss Sonja.
Sonja is heavily wounded.
You warm up again.
Your +0 troll leather armour unmelds from your body.
Sonja casts a spell.
Sonja blinks!
Sonja hits you with a +1 short sword of venom.
You are poisoned.
Sonja barely misses you.
Sonja hits you with a +1 short sword of venom.
You are more poisoned.
You barely miss Sonja.
Sonja is heavily wounded.
You feel very sick. Sonja barely misses you. Sonja closely misses you.
Sonja hits you with a +1 short sword of venom.
You are more poisoned.
You closely miss Sonja.
Sonja is heavily wounded.
You feel very sick.
Sonja hits you with a +1 short sword of venom!
* * * LOW HITPOINT WARNING * * *
You are lethally poisoned!
Sonja closely misses you. Sonja hits you but does no damage.
You are more poisoned.
You feel better.
Sonja hits you with a +1 short sword of venom.
You are poisoned.
Sonja barely misses you.
Sonja hits you with a +1 short sword of venom.
* * * LOW HITPOINT WARNING * * *
You are more poisoned.
Sonja hits you with a +1 short sword of venom!
* * * LOW HITPOINT WARNING * * *
You are more poisoned.
Sonja hits you with a +1 short sword of venom.
* * * LOW HITPOINT WARNING * * *
You are more poisoned.
Sonja hits you with a +1 short sword of venom.
You die...

......... ........
.. ....... #.#
..... #..# ###.#.#
... # #...#.# ##.#
... #K..##<..##
.....#.@..<..(.#
.......!.#†.##....
.........#........
........###.######
.....#... .#
.....##.. ^# (...
#.#. .# .... #.#.
.# ... ..##..#


You could see Sonja.

Vanquished Creatures
  Erica (D:9)
  Pikel (D:8)
  4 centaur zombies
  The ghost of ChaosChampion the Thaumaturge, a novice DECj (D:5)
  A troll (D:7)
  A hornet (D:7)
  Sigmund (D:5)
  A shadow (D:9)
  A vampire (D:9)
  A wraith (D:10)
  18 yaks
  A wyvern (D:9)
  A steam dragon (D:8)
  4 black bears
  3 sky beasts
  An orc warrior (D:7)
  An ice beast (D:6)
  4 ogres
  2 necrophages (D:5)
  5 centaurs
  2 lemures (D:8)
  2 kobold brigands
  A bullfrog (D:4)
  A wyvern zombie (D:9)
  A scorpion (D:7)
  23 wights
  4 electric eels (D:10)
  3 howler monkeys (D:9)
  A bullfrog skeleton (D:6)
  5 orc priests
  3 hounds
  2 jellies
  3 centaur skeletons
  A gnoll shaman (D:5)
  Jessica (D:3)
  Terence (D:2)
  3 orc wizards
  4 iguanas
  2 killer bee zombies
  2 hound zombies (D:5)
  A howler monkey zombie (D:9)
  Robin (D:4)
  4 adders
  A howler monkey skeleton (D:7)
  2 shadow imps (D:7)
  An ufetubus (D:5)
  A worm (D:2)
  4 dart slugs
  14 orcs
  5 ball pythons
  8 endoplasms
  4 giant cockroaches
  14 goblins
  8 hobgoblins
  4 jackals (D:1)
  9 kobolds
  5 quokkas (D:2)
  3 bats
  4 frilled lizards
  4 rats
215 creatures vanquished.

Notes
Turn   | Place    | Note
-------+----------+-------------------------------------------
     0 | D:1      | Lavandula the Formicid Transmuter began the quest for the
                  | Orb.
     0 | D:1      | Reached XP level 1. HP: 15/15 MP: 3/3
   302 | D:1      | Reached XP level 2. HP: 16/21 MP: 3/5
   443 | D:1      | Learned a level 2 spell: Wereblood
  1004 | D:1      | Reached skill level 4 in Unarmed Combat
  1004 | D:1      | Reached XP level 3. HP: 19/26 MP: 3/6
  1062 | D:1      | Found a faded altar of an unknown god.
  1107 | D:2      | Learned a level 3 spell: Spider Form
  1472 | D:2      | Reached XP level 4. HP: 32/32 MP: 3/7
  1608 | D:2      | Noticed Terence
  1636 | D:2      | Killed Terence
  2470 | D:3      | Reached XP level 5. HP: 37/37 MP: 8/8
  2521 | D:3      | Noticed Jessica
  2527 | D:3      | Killed Jessica
  3038 | D:4      | Noticed a kobold brigand
  3047 | D:4      | Killed a kobold brigand
  3048 | D:4      | Reached XP level 6. HP: 35/43 MP: 6/9
  3242 | D:4      | Noticed an ogre
  3614 | D:4      | Noticed Robin
  3649 | D:4      | Killed Robin
  3670 | D:4      | Reached skill level 5 in Transmutations
  3992 | D:4      | Reached skill level 5 in Unarmed Combat
  3992 | D:4      | Reached XP level 7. HP: 35/48 MP: 6/10
  3997 | D:4      | Learned a level 4 spell: Ice Form
  4115 | D:4      | Found a shadowy altar of Dithmenos.
  4115 | D:4      | Found a broken altar of Ashenzari.
  4274 | D:4      | Reached skill level 6 in Unarmed Combat
  4656 | D:5      | Entered Level 5 of the Dungeon
  4724 | D:5      | Noticed Sigmund
  4737 | D:5      | Killed Sigmund
  4738 | D:5      | Reached skill level 7 in Unarmed Combat
  4738 | D:5      | Reached XP level 8. HP: 38/54 MP: 8/11
  4974 | D:5      | Reached skill level 8 in Unarmed Combat
  5018 | D:5      | Found a staircase to the Ecumenical Temple.
  5027 | Temple   | Entered the Ecumenical Temple
  5087 | Temple   | Became a worshipper of Ru the Awakened
  5288 | D:5      | Found a runed translucent gate.
  5291 | D:5      | Found a runed translucent gate.
  5291 | D:5      | Found a runed translucent gate.
  5295 | D:5      | Noticed ChaosChampion's ghost (novice DECj)
  5379 | D:5      | Reached skill level 1 in Ice Magic
  6079 | D:5      | Killed ChaosChampion's ghost
  6080 | D:5      | Reached XP level 9. HP: 54/59 MP: 6/12
  6164 | D:6      | Reached skill level 1 in Evocations
  6506 | D:6      | Found a transporter.
  6510 | D:6      | Noticed fly's ghost (novice FoDe)
  6627 | D:6      | Reached skill level 5 in Evocations
  6848 | D:6      | Found a transporter.
  7840 | D:7      | Noticed a troll
  7851 | D:7      | Killed a troll
  8071 | D:7      | Reached XP level 10. HP: 58/63 MP: 3/13
  8406 | D:7      | Reached skill level 9 in Unarmed Combat
  8805 | D:7      | Found Xith's Book Boutique.
  9132 | D:7      | Reached skill level 10 in Unarmed Combat
  9594 | D:8      | Found Ofugir's Book Emporium.
  9633 | D:8      | Reached skill level 11 in Unarmed Combat
 10011 | D:8      | Found Foerio's Antique Armour Emporium.
 10047 | D:8      | Found Wucul's Distillery.
 10086 | D:8      | Bought a potion of ambrosia for 80 gold pieces
 10086 | D:8      | Bought a potion of lignification for 30 gold pieces
 10086 | D:8      | Bought a potion of mutation for 80 gold pieces
 10086 | D:8      | Gained mutation: You are frail. (-10% HP) [potion of
                  | mutation]
 10086 | D:8      | Gained mutation: You passively dampen the noise of your
                  | surroundings. [potion of mutation]
 10111 | D:8      | Reached XP level 11. HP: 52/62 MP: 8/14
 10113 | D:8      | Reached skill level 12 in Unarmed Combat
 10124 | D:8      | Noticed Pikel
 10124 | D:8      | Noticed a two-headed ogre
 10131 | D:8      | Killed Pikel
 10215 | D:8      | HP: 3/93 [black bear (3)]
 10530 | D:8      | Found Qar Onodghi's Antique Armour Shoppe.
 10665 | D:8      | Found a glowing silver altar of Zin.
 10683 | D:8      | Reached skill level 13 in Unarmed Combat
 10978 | D:9      | Noticed Erica
 10994 | D:9      | Killed Erica
 11371 | D:9      | Learned a level 5 spell: Alistair's Intoxication
 11997 | D:9      | Reached skill level 5 in Poison Magic
 12330 | D:10     | Entered Level 10 of the Dungeon
 12390 | D:10     | Found a portal to a secret trove of treasure.
 12715 | D:10     | Found a staircase to the Orcish Mines.
 13111 | D:10     | Found a staircase to the Lair.
 13121 | D:10     | Learned a level 3 spell: Confusing Touch
 13172 | D:10     | Reached skill level 1 in Hexes
 13521 | D:11     | Noticed Sonja
 13530 | D:11     | HP: 2/63 [Sonja (6)]
 13530 | D:11     | Slain by Sonja

Illustrated notes

Levels and vault maps discovered:
D:1:      dpeg_arrival_short_road, layout_rooms, basic_ecumenical_altar,
          grunt_decor_fettered
D:2:      layout_loops_cross, st_stairs_11, minmay_misc_feat_square,
          hangedman_abyss_or_decor_stabs, minmay_pentomino_v2, uniq_terence
D:3:      layout_rooms, uniq_jessica
D:4:      layout_loops_ring, mainiacjoe_overflow_large_starburst,
          serial_park_tiny_pond, uniq_robin
D:5:      layout_rooms, minmay_temple_entry_grid, gammafunk_ghost_necromancy,
          minmay_diced_spiral, uniq_sigmund
D:6:      layout_layer_cave, gammafunk_ghost_arena
D:7:      layout_loops_ring, serial_shops, nicolae_diamond_shop
D:8:      layout_basic, old_standard_altar, serial_corexii_hall,
          corexii_hall_statues_i, corexii_hall_statues_i, serial_shops, shop,
          nicolae_shop_hallway_plus, kennysheep_mini_moat, shop,
          hangedman_decor_riveting, nicolae_fountain_basement, uniq_pikel
D:9:      layout_loops_ring, uniq_erica
D:10:     layout_basic, orc_0_dummy, enter_trove_2, chequers_arboretum
D:11:     layout_rooms, uniq_sonja
Temple:   mainiacjoe_temple_bowtie_tessellation

Skill      XL: |  1  2  3  4  5  6  7  8  9 10 11 |
---------------+----------------------------------+-----
Unarmed Combat | 4 5 7 8 11 13 | 13.0
Poison Magic   | 3 4 6 |  6.0
Transmutations | 3 5 8 9 |  9.0
Ice Magic      | 4 |  4.0
Evocations     | 5 |  5.0
Spellcasting   | 4 |  4.9
Hexes          | 4 |  4.0
Fighting       | |  1.1
Dodging        | |  1.7

Action                   |  1- 3 |  4- 6 |  7- 9 | 10-12 || total
-------------------------+-------+-------+-------+-------++-------
Melee: Unarmed           |   122 |   152 |   157 |   241 ||   672
       Kick              |    18 |    16 |       |       ||    34
       Punch             |     2 |     4 |     1 |       ||     7
Throw: Dart              |       |       |     1 |       ||     1
 Cast: Beastly Appendage |    26 |    12 |     1 |       ||    39
       Wereblood         |     5 |     3 |     6 |    13 ||    27
       Spider Form       |       |    11 |    21 |     2 ||    34
       Ice Form          |       |       |     9 |    31 ||    40
Invok: Reject Sacrifices |       |       |     1 |       ||     1
 Abil: End Transformatio |       |       |       |     1 ||     1
       Dig               |       |       |       |     1 ||     1
Evoke: Wand              |       |       |       |    10 ||    10
  Use: Potion            |       |     3 |       |     7 ||    10
       Scroll            |       |       |     5 |     7 ||    12
Armor: Robe              |    26 |    16 |       |     3 ||    45
       Skin              |       |     1 |    28 |    86 ||   115
       Troll leather arm |       |       |       |     1 ||     1
Dodge: Dodged            |    69 |   107 |    86 |    98 ||   360

Table legend: (Time is in decaauts)
 A = Elapsed time spent in this place.
 B = Non-inter-level travel time spent in this place.
 C = Inter-level travel time spent in this place.
 D = Time resting spent in this place.
 E = Time spent auto-exploring this place.
 F = Levels seen in this place.
 G = Mean time per level.
                   A        B        C        D        E       F      G
               +--------+--------+--------+--------+--------+-----+--------+
         Total |  13449 |  13024 |    425 |    771 |  10208 |  12 | 1120.8 |
       Dungeon |  13194 |  12799 |    395 |    771 |   9999 |  11 | 1199.5 |
        Temple |    255 |    225 |     30 |      0 |    209 |   1 |  255.0 |
               +--------+--------+--------+--------+--------+-----+--------+

Top non-repeatable levels by time:
     D:6: 1933 daAuts
     D:9: 1432 daAuts
     D:4: 1407 daAuts
     D:8: 1405 daAuts
     D:7: 1354 daAuts
     D:2: 1310 daAuts
     D:5: 1179 daAuts
    D:10: 1124 daAuts
     D:1: 1113 daAuts
     D:3: 859 daAuts
  Temple: 255 daAuts
    D:11: 74 daAuts
